 Dungeon Crawl Stone Soup version 0.32-a0-933-ga8fa3634e4 (webtiles) character file.

Game seed: 15825537913943511420

139973 Zonian the Warrior (level 17, -5/117 HPs)
             Began as a Gargoyle Earth Elementalist on Apr 14, 2024.
             Was an Elder of Ashenzari.
             Slain by Goc Tato's ghost (25 damage)
             ... on level 4 of the Snake Pit on Apr 15, 2024.
             The game lasted 02:15:02 (36326 turns).

Zonian the Warrior (Gargoyle Earth Elementalist)   Turns: 36326, Time: 02:15:03

Health: -5/117     AC: 35    Str: 16    XL:     17   Next: 29%
Magic:  28/35      EV: 14    Int: 20    God:    Ashenzari [****..]
Gold:   587        SH:  0    Dex: 16    Spells: 14/45 levels left

rFire   . . .        r - +7 lajatang of Order {silver, rMut, staff}
rCold   + + +        (shield currently unavailable)
rNeg    + . .        C - +4 skin of Zhor {*Englaciate rC+++ SInv, Range, Melee} (curse)
rPois   ∞            p - +0 helmet "Tethered Abstinence" {Self, Cun} (curse)
rElec   +            w - +2 cloak "Ensconced Together" {rCorr, Bglg, Range} (curse)
rCorr   +            g - +2 pair of gloves of the Eternal Nihilism {Elem, Dev} (curse)
SInv    +            h - +2 pair of boots of the Eternal Seer {Dev, Comp} (curse)
Will    +....        A - amulet of the Shackled Sky {RegenMP+, @e2, Elem, Range} (curse)
Stlth   +++          X - ring of Ashenzari's Morality {AC+4, Elem, Sorc} (curse)
HPRegen 0.39/turn    V - +6 ring of dexterity
MPRegen 0.64/turn

%: clarity, resist mutation
@: flying
A: sickness immunity, AC +12, big wings, negative energy resistance 1,
electricity resistance, torment resistance 1, petrification resistance
a: Renounce Religion, Shatter the Chains


You were on level 4 of the Snake Pit.
You worshipped Ashenzari.
Ashenzari was greatly pleased with you.
You visited 5 branches of the dungeon, and saw 27 of its levels.
You also visited: Ossuary and Bailey.

You collected 2366 gold pieces.
You spent 1779 gold pieces at shops.


Innate Abilities, Weirdness & Mutations

You are immune to sickness and miasma.
Your stone body is resilient. (AC +12)
You are immune to poison.
Your large and strong wings let you fly.
You resist negative energy. (rN+)
You are resistant to electric shocks. (rElec)
You are resistant to unholy torment.
You are immune to petrification.


   Skills:
 - Level 15.6(17.3) Fighting
 - Level 14.0(15.7) Staves
 - Level 2.0(4.6) Throwing
 + Level 8.8 Armour
 - Level 5.3(7.1) Dodging
 - Level 5.0(6.8) Stealth
 - Level 13.1(14.8) Spellcasting
 - Level 9.8(11.6) Conjurations
 - Level 2.7(4.2) Translocations
 - Level 8.4(12.0) Fire Magic
 - Level 1.7(4.1) Air Magic
 - Level 11.3(14.8) Earth Magic
 + Level 0.3(1.0) Alchemy
 - Level 3.6(6.0) Evocations


You had 14 spell levels left.
You knew the following spells:

 Your Spells              Type           Power      Damage    Failure   Level
a - Sandblast             Erth           100%       2d20      0%          1
b - Stone Arrow           Conj/Erth      100%       3d13      1%          3
c - Searing Ray           Conj           100%       2d8       1%          2
d - Brom's Barrelling Bo  Conj/Erth      61%        2d8       1%          4
e - Iskenderun's Mystic   Conj/Tloc      46%        2d10      (+2d51%     4
f - Blink                 Tloc           62%        N/A       1%          2
g - Lesser Beckoning      Tloc           62%        N/A       1%          2
h - Swiftness             Air            31%        N/A       2%          3
i - Fireball              Conj/Fire      29%        3d13      1%          5
j - Irradiate             Conj/Alch      20%        3d18      9%          5

Your spell library contained the following spells:

 Spells                   Type           Power      Damage    Failure   Level
 Kiss of Death            Conj/Necr      100%       2d13      1%          1
 Magic Dart               Conj           100%       1d8       1%          1
 Momentum Strike          Conj/Tloc      92%        3d10      1%          2
 Hailstorm                Conj/Ice       39%        3d9       1%          3
 Inner Flame              Hex/Fire       39%        N/A       1%          3
 Passwall                 Erth           65%        N/A       1%          3
 Volatile Blastmotes      Fire/Tloc      94%        2d17      1%          3
 Petrify                  Alch/Erth      46%        N/A       1%          4
 Maxwell's Portable Pile  Tloc           31%        2d(8-22)  2%          3
 Teleport Other           Tloc           31%        N/A       2%          3
 Freeze                   Ice            64%        1d7       3%          1
 Fulminant Prism          Conj/Alch      20%        3d12      3%          4
 Arcjolt                  Conj/Air       23%        1d33      4%          5
 Ensorcelled Hibernation  Hex/Ice        32%        N/A       5%          2
 Frozen Ramparts          Ice            32%        1d5       11%         3
 Call Canine Familiar     Summ           15%        N/A       12%         3
 Confusing Touch          Hex            15%        N/A       12%         3
 Sigil of Binding         Hex            15%        N/A       12%         3
 Dimensional Bullseye     Hex/Tloc       11%        N/A       17%         4
 Olgreb's Toxic Radiance  Alch           18%        N/A       28%         4
 Cause Fear               Hex            7%         N/A       36%         4
 Dispel Undead            Necr           15%        3d10      36%         4
 Martyr's Knell           Necr/Summ      15%        N/A       36%         4
 Dispersal                Tloc           15%        N/A       75%         6
 Gell's Gavotte           Tloc           15%        2d(18-27) 75%         6
 Ignition                 Fire           29%        3d9       89%         8
 Ozocubu's Refrigeration  Ice            8%         4d9       100%        7
 Discord                  Hex            7%         N/A       100%        8
 Maxwell's Capacitive Co  Air            15%        ∞         100%        8
 Dragon's Call            Summ           7%         N/A       100%        9
 Cigotuvi's Dreadful Rot  Necr/Alch/Air  Unusable   N/A       N/A         2

Inventory:

Hand Weapons
 e - a +7 vampiric lajatang {staff}
   (You acquired it on level 4 of the Snake Pit)
 r - the +7 lajatang of Order (weapon) {silver, rMut, staff}
   (You acquired it on level 4 of the Dungeon)

   rMut:      It protects you from mutation.
 B - the +9 rapier "Myvoc" {holy, rPois Int+3, short}
   (You found it on level 1 of the Snake Pit)

   Int+3:     It affects your intelligence (+3).
   rPois:     It protects you from poison.
 F - the +1 battleaxe "Ikusuh" {flame, MP+9 Stlth+, axe}
   (You found it on level 5 of the Lair of Beasts)

   MP+9:      It affects your magic capacity (+9).
   Stlth+:    It makes you more stealthy.
 Q - the +6 hand axe of Valiance {spect, SInv, axe}
   (You found it on level 9 of the Dungeon)

   SInv:      It lets you see invisible.
 R - the +6 lajatang "Donofi" {heavy, rN+, staff}
   (You took it off an orc warrior on level 9 of the Dungeon)

   rN+:       It protects you from negative energy.
Missiles
 i - 54 poisoned darts {throwing}
 n - 18 javelins {throwing}
 I - 4 datura-tipped darts {throwing}
Armour
 g - the cursed +2 pair of gloves of the Eternal Nihilism (worn) {Elem, Dev}
   (You found it on level 13 of the Dungeon)

   It has a curse which improves the following skills: Elements: Fire Magic, Ice
   Magic, Air Magic and Earth Magic.
   Devices:   Evocations and Shapeshifting.
 h - the cursed +2 pair of boots of the Eternal Seer (worn) {Dev, Comp}
   (You found it on level 1 of the Dungeon)

   It has a curse which improves the following skills: Devices: Evocations and
   Shapeshifting.
   Companions: Summonings and Necromancy.
 p - the cursed +0 helmet "Tethered Abstinence" (worn) {Self, Cun}
   (You found it on level 3 of the Dungeon)

   It has a curse which improves the following skills: Introspection: Fighting
   and Spellcasting.
   Cunning:   Dodging and Stealth.
 w - the cursed +2 cloak "Ensconced Together" (worn) {rCorr, Bglg, Range}
   (You bought it in a shop on level 14 of the Dungeon)

   It has a curse which improves the following skills: Beguiling: Hexes and
   Translocations.
   Ranged Combat: Ranged Weapons and Throwing.
 C - the cursed +4 skin of Zhor (worn) {*Englaciate rC+++ SInv, Range, Melee}
   (You bought it in a shop on level 15 of the Dungeon)

   *Englaciate: It radiates cold, occasionally slowing all nearby creatures who
   are not resistant to cold.
   rC+++:     It renders you almost immune to cold.
   SInv:      It lets you see invisible.
   It has a curse which improves the following skills: Ranged Combat: Ranged
   Weapons and Throwing.
   Melee Combat: Short Blades, Long Blades, Axes, Maces & Flails, Polearms,
   Staves and Unarmed Combat.
 P - a scarf of shadows
   (You found it on level 9 of the Dungeon)
Magical Staves
 y - a staff of conjuration {!a@e2staff}
   (You found it on level 4 of the Dungeon)
Jewellery
 A - the cursed amulet of the Shackled Sky (around neck) {RegenMP+, @e2, Elem, Range}
   (You acquired it on level 4 of the Dungeon)

   [amulet of magic regeneration]

   It increases your rate of magic regeneration.
   RegenMP+:  It increases your rate of magic regeneration.
   It has a curse which improves the following skills: Elements: Fire Magic, Ice
   Magic, Air Magic and Earth Magic.
   Ranged Combat: Ranged Weapons and Throwing.
 G - a ring of resist corrosion
   (You found it on level 13 of the Dungeon)
 V - a +6 ring of dexterity (right hand)
   (You found it on level 2 of the Snake Pit)
 X - the cursed ring of Ashenzari's Morality (left hand) {AC+4, Elem, Sorc}
   (You found it on level 5 of the Lair of Beasts)

   [ring of protection]

   AC+4:      It affects your AC (+4).
   It has a curse which improves the following skills: Elements: Fire Magic, Ice
   Magic, Air Magic and Earth Magic.
   Sorcery:   Conjurations and Alchemy.
Wands
 a - a wand of charming (8)
   (You found it on level 1 of the Lair of Beasts)
 b - a wand of acid (2)
   (You bought it in a shop on level 15 of the Dungeon)
 J - a wand of digging (16)
   (You found it on level 7 of the Dungeon)
 L - a wand of mindburst (9)
   (You found it on level 3 of the Lair of Beasts)
 O - a wand of flame (33)
   (You found it on level 8 of the Dungeon)
 Z - a wand of iceblast (6)
   (You found it on level 13 of the Dungeon)
Scrolls
 c - 4 scrolls of poison
 j - 3 scrolls of blinking {!r}
 k - 3 scrolls of enchant armour
 o - 4 scrolls of teleportation {@r4}
 s - 5 scrolls of revelation
 t - 3 scrolls of amnesia
 z - 7 scrolls of enchant weapon
 K - a scroll of silence {!r}
 S - 3 scrolls of fog
 T - a scroll of vulnerability {!r!r}
Potions
 d - 2 potions of ambrosia
 f - 10 potions of curing {@q1}
 l - 5 potions of enlightenment
 m - 2 potions of heal wounds {@q2}
 q - 3 potions of lignification {!q}
 u - 6 potions of brilliance
 v - a potion of berserk rage {!q}
 x - 3 potions of haste {@q3}
 D - 5 potions of mutation {!q}
 E - a potion of might
 H - a potion of resistance
 M - 3 potions of invisibility
 U - 3 potions of attraction {!q}

Dungeon Overview and Level Annotations

Branches:
Dungeon (15/15) Zot: 25161  Temple (1/1) D:4 Zot: 5985    Lair (5/5) D:10 Zot: 21130
  Swamp (0/4) Lair:3        Snake (4/4) Lair:2 Zot: 18528   Slime (0/5) Lair:5
    Orc (2/2) D:12 Zot: 9788     Elf (0/3) Orc:2        Vaults (0/5) D:13
 Depths (0/4) D:15        Ossuary (visited)          Bailey (visited)

Altars:
Ashenzari
Cheibriados
Dithmenos
Elyvilon
Fedhas
Gozag
Hepliaklqana
Kikubaaqudgha
Makhleb
Nemelex Xobeh
Okawaru
Qazlal
Ru
Sif Muna
Trog
Uskayaw
Vehumet
Wu Jian
Xom
Yredelemnul
Zin
The Shining One
Beogh
Jiyva

Shops:
D:1 [   D:5 :   D:6 (   D:14 [   D:15 [(*   Orc:2 [!((:

Annotations:
D:1 2 runed translucent doors
D:9 2 runed translucent doors, croobank's ghost, novice DsIE
D:11 3 runed translucent doors, Maxmaps's ghost, journeyman OpMo
Lair:4 1 runed translucent door, Zivvaly's ghost, journeyman CoGl
Lair:5 exclusion: 4 oklob plants
Snake:4 Asterion; Goc Tato's ghost, journeyman FeBe

**,,,,*,,*, *,,,,*,,,, ***,,*,,,,
*** ****,,,, ,,*##############*,
,,,.............,,,
,,,......$....,,,,, *,,
,,,,.........#***,,,
#*,,,,,,,.......@.#,,***,
.,,,,,,,,..###.W.##,,,,*,
,,,,,,,,,,##=#.(.#,,,,,*,
*,,,,,,***#._'...##,,,,+*
*******+,*##[#....#,,,,,*
,,,,,,,,,,####...##,,,,,* ,,,,,
,,,,,,,,,,#......#,,,,,**,,,,,,..
,,,,,,,,,*#......#,,,,,,*,.......
,,,,,∆,,,*#......##{,,,**,.......


You could see a +2 halberd of chaos and Goc Tato's ghost.


Message History

😕 HP[+1] Unknown command.
You slice the shock serpent!!
You feel better.
You kill the shock serpent!
The air sparks with electricity, shocking you!
You resist. 😎 HP[+1]
Your hp is fully restored (117).
Unknown command.
You are flying.
Your flying speed is average.
Your attack delay is about 0.7 (and cannot be improved with additional weapon skill).
Your damage rating with your +7 vampiric lajatang {staff} is about 38 (Base 16 x 115% (Str) x 168% (Skill) + 7 (Ench)).
Your base attributes are Str 16, Int 20, Dex 10.
Unknown command.
Unknown command.
Found a +0 robe and a ring of positive energy.
Found a shimmering altar of Xom.
Found a runed translucent door.
Unknown command.
Goc Tato's ghost turns its malevolent gaze towards you.
Unknown command.
Unknown command.
You feel the dreadful sensation subside.
r - the +7 lajatang of Order (weapon)
{silver, rMut, staff} Unknown command.
Unknown command.
You reach down and open the door.
You radiate an aura of cold.
The +2 halberd of chaos is unaffected.
Goc Tato's ghost is unaffected.
The +2 halberd of chaos hits you but does no damage.
Your body becomes as fragile as glass!
Unknown command.
You closely miss Goc Tato's ghost.
The +2 halberd of chaos hits you but does no damage.
You completely miss Goc Tato's ghost.
The +2 halberd of chaos hits you from afar.
The +2 halberd of chaos burns you. Goc Tato's ghost hits you. 😕 HP[-3]
You take 3 damage, and now have 114/117 hp.
Unknown command.
You slash Goc Tato's ghost!
The +2 halberd of chaos hits you but does no damage.
Goc Tato's ghost hits you! 😕 HP[-25]
You take 25 damage, and now have 89/117 hp.
MASSIVE DAMAGE!! (PAUSE)
You miss Goc Tato's ghost.
The +2 halberd of chaos completely misses you.
You completely miss Goc Tato's ghost.
The +2 halberd of chaos hits you from afar.
You feel your power leaking away.
Goc Tato's ghost hits you! 😮 HP[-26] MP[-2]
You take 26 damage, and now have 63/117 hp.
MASSIVE DAMAGE!! (PAUSE)
You lost 2 mp, and now have 33/35 mp.
Cast which spell? (? or * to list)
You blink.
Goc Tato's ghost screams in joy, "As in life, so in death: Kill!
Kill!!
Kill!!!" 😮 HP[+1] MP[-2]
You lost 2 mp, and now have 31/35 mp.
Casting: Blink (safe; 1% risk of failure)
Confirm with . or Enter, or press ? or * to list all spells.
Aiming: Stone Arrow (safe; 1% risk of failure)
Press: ? - help, Shift-Dir - straight line, f - Goc Tato's ghost
Aim: Goc Tato's ghost (lightly damaged, 28% to hit)
The stone arrow hits Goc Tato's ghost! 😮 MP[-2]
You lost 2 mp, and now have 29/35 mp.
Unknown command.
Casting: Stone Arrow (safe; 1% risk of failure)
Confirm with . or Enter, or press ? or * to list all spells.
Aiming: Stone Arrow (safe; 1% risk of failure)
Press: ? - help, Shift-Dir - straight line, f/p - Goc Tato's ghost
Aim: Goc Tato's ghost (moderately damaged, 28% to hit)
The stone arrow hits Goc Tato's ghost!
Goc Tato's ghost hits you!!
* * * LOW HITPOINT WARNING * * *
The +2 halberd of chaos hits you but does no damage. 😨 HP[-30] MP[-2]
You take 30 damage, and now have 34/117 hp.
MASSIVE DAMAGE!! (PAUSE)
You lost 2 mp, and now have 27/35 mp.
You feel much better.
You radiate an aura of cold.
Goc Tato's ghost is unaffected.
The +2 halberd of chaos is unaffected.
You feel ready to blink again.
The +2 halberd of chaos hits you but does no damage.
Goc Tato's ghost hits you!
* * * LOW HITPOINT WARNING * * *
😨 HP[-1]
You take 1 damage, and now have 33/117 hp.
Your magical effects are unravelling.
You feel magically purged.
You feel less fragile.
The +2 halberd of chaos hits you from afar!
* * * LOW HITPOINT WARNING * * *
The +2 halberd of chaos freezes you.
* * * LOW HITPOINT WARNING * * *
Goc Tato's ghost keens inconsolably.
Goc Tato's ghost hits you!!
You die...

Skill      XL: |  1  2  3  4  5  6  7  8  9 10 11 12 13 14 15 16 17 |
---------------+----------------------------------------------------+-----
Earth Magic    | 4 5 6 7 8 9 10 11 | 11.3
Conjurations   | 2 3 4 5 6 8 9 |  9.8
Spellcasting   | 3 4 5 6 7 8 11 13 | 13.1
Stealth        | 4 5 |  5.0
Staves         | 2 4 7 9 12 13 14 | 14.0
Fighting       | 3 7 10 12 15 | 15.6
Dodging        | 2 3 4 5 |  5.3
Translocations | 1 2 |  2.7
Armour         | 5 8 |  8.8
Fire Magic     | 1 4 7 8 |  8.4
Evocations     | 1 3 |  3.6
Air Magic      | 1 |  1.7
Throwing       | 2 |  2.0
Alchemy        | |  0.3

Action                     |  1- 3 |  4- 6 |  7- 9 | 10-12 | 13-15 | 16-18 || total
---------------------------+-------+-------+-------+-------+-------+-------++-------
  Melee: Whip              |    23 |    13 |       |       |       |       ||    36
         Dagger            |     3 |       |       |       |       |       ||     3
         Lajatang          |       |       |    52 |   318 |   902 |   462 ||  1734
  Throw: Dart              |       |       |       |    11 |     1 |       ||    12
   Cast: Sandblast         |    40 |    78 |    94 |    89 |    31 |     1 ||   333
         Stone Arrow       |       |       |    39 |   112 |   154 |    76 ||   381
         Searing Ray       |       |       |       |     3 |     4 |       ||     7
         Iskenderun's Myst |       |       |       |       |    23 |    17 ||    40
         Brom's Barrelling |       |       |       |       |    21 |       ||    21
         Blink             |       |       |       |       |     4 |     5 ||     9
         Lesser Beckoning  |       |       |       |       |     1 |       ||     1
         Swiftness         |       |       |       |       |     2 |       ||     2
         Fireball          |       |       |       |       |     1 |    28 ||    29
 Invoke: Curse Item        |       |       |     3 |     2 |     3 |     1 ||     9
         Shatter the Chain |       |       |       |       |     1 |     1 ||     2
  Evoke: Wand              |       |       |       |       |     3 |     7 ||    10
    Use: Scroll            |       |    12 |     5 |     4 |     5 |    10 ||    36
         Potion            |       |       |     2 |     2 |     3 |     6 ||    13
   Stab: Sleeping          |     2 |       |       |     6 |    14 |     3 ||    25
         Distracted        |       |       |       |       |     2 |       ||     2
         Confused          |       |       |       |       |     1 |       ||     1
 Armour: Robe              |    32 |    55 |    16 |       |       |       ||   103
         Leather armour    |       |       |    60 |   348 |   811 |    54 ||  1273
         Animal skin       |       |       |       |       |       |   484 ||   484
  Dodge: Dodged            |    39 |    46 |    65 |   235 |   477 |   293 ||  1155

Levels and vault maps discovered:
D:1:      erik_arrival_cave_to_civilisation [erik_arrival_cave_to_temple],
          layout_basic, serial_shops, shop, minmay_misc_feat_hallway
D:2:      layout_basic, serial_rivers, chequers_serial_rivers_micro_a,
          chequers_serial_rivers_large_b, chequers_serial_rivers_micro_e,
          chequers_serial_rivers_micro_c, chequers_serial_rivers_micro_e,
          chequers_serial_rivers_micro_a, nicolae_elevator_lobby_asterisk
D:3:      layout_loops_ring, mainiacjoe_overflow_concentric_impassable
D:4:      layout_layer_cave, minmay_temple_entry_glassed_door, enter_ossuary_3,
          grunt_decor_cap
D:5:      layout_basic, serial_shops, kennysheep_mini_moat, uniq_duvessa
D:6:      layout_rooms, serial_shops, nicolae_shop_real_fake_doors
D:7:      layout_basic, ebering_dispersal_statue_hall
D:8:      layout_basic, enter_bailey_3
D:9:      layout_cave_pools, trog_antimagical, ebering_ghost_disaster_area
D:10:     layout_cave_pools, dpeg_oklobed_lair
D:11:     layout_loops_cross, gammafunk_ghost_ooze
D:12:     layout_rooms, zombieorc1_lemuel, portal_ice_cave_entry_pillars_2
D:13:     layout_rooms, david_vaults_5, hangedman_decor_peaks_small,
          eino_small_chamber_without_monster, kennysheep_small_spiral, uniq_urug
D:14:     layout_loops_ring, serial_shops, shop, nicolae_twisting_strands,
          brannock_xom_greatest_gift
D:15:     grunt_enter_depths_snipers, layout_long_grid, serial_undead,
          serial_undead_b, serial_undead_a, serial_undead_b, serial_undead_d,
          serial_shops, nicolae_diamond_shop, shop,
          nicolae_shop_competitors_out_of_business
Temple:   nicolae_temple_bog_church
Lair:1:   layout_regular_city, uniq_gastronok, uniq_sonja
Lair:2:   dreamdust_isle_of_ice, layout_gridlike,
          minmay_snake_entry_six_corridors
Lair:3:   layout_small_grid, minmay_swamp_entry_worms, lemuel_fruit_fields,
          serial_bayou_shore_b, infiniplex_staircase_pool_2
Lair:4:   layout_small_grid, ebering_ghost_funeral_grove
Lair:5:   grunt_lair_end_beastmaster, layout_concentric_octagons,
          minmay_slime_entry_oklob_open
Snake:1:  layout_layer_cave, basic_altar, uniq_kirke
Snake:2:  layout_concentric_octagons, corexii_hall_statues_l,
          grunt_ministairs_8, nicolae_letterblocks [nicolae_letter_subblock,
          nicolae_letter_subblock, nicolae_letter_subblock,
          nicolae_letter_subblock, nicolae_letter_subblock,
          nicolae_letter_subblock, nicolae_letter_subblock,
          nicolae_letter_subblock, nicolae_letter_subblock,
          nicolae_letter_subblock, nicolae_letter_subblock,
          nicolae_letter_subblock, nicolae_letter_subblock,
          nicolae_letter_subblock, nicolae_letter_subblock,
          nicolae_letter_subblock, nicolae_letter_subblock,
          nicolae_letter_subblock, nicolae_letter_subblock,
          nicolae_letter_subblock, nicolae_letter_subblock,
          nicolae_letter_subblock, nicolae_letter_subblock,
          nicolae_letter_subblock, nicolae_letter_subblock]
Snake:3:  nicolae_aizul_guard, layout_misc_corridors, basic_altar,
          nicolae_snake_slithery_hallway, nicolae_snake_omega
Snake:4:  snake_pit, layout_cave_town, ebering_ghost_xom, uniq_asterion
Orc:1:    layout_caves, basic_altar
Orc:2:    kennysheep_orc_mage_school, layout_diamond_mine, serial_shops, shop

Notes
Turn   | Place    | Note
-------+----------+-------------------------------------------
     0 | D:1      | Zonian the Gargoyle Earth Elementalist began the quest for
                  | the Orb.
     0 | D:1      | Reached XP level 1. HP: 10/10 MP: 3/3
     0 | D:1      | magus.rc [v1.9.6]
    37 | D:1      | You pick up a book of the Hunter and begin reading...
    37 | D:1      | You add the spells Sigil of Binding, Call Canine Familiar
                  | and Dimensional Bullseye to your library.
    42 | D:1      | Found a large runed translucent door.
    42 | D:1      | Found a large runed translucent door.
   152 | D:1      | Reached XP level 2. HP: 15/15 MP: 1/5
   263 | D:1      | You pick up a book of Blasting and begin reading...
   263 | D:1      | You add the spells Volatile Blastmotes, Fulminant Prism and
                  | Iskenderun's Mystic Blast to your library.
   281 | D:1      | Found Raemuira's Armour Shop.
   410 | D:1      | Reached skill level 4 in Earth Magic
   555 | D:1      | Reached skill level 2 in Conjurations
   555 | D:1      | Reached XP level 3. HP: 15/19 MP: 6/6
  1550 | D:2      | You pick up a book of Spontaneous Combustion and begin
                  | reading...
  1550 | D:2      | You add the spells Inner Flame, Irradiate and Ignition to
                  | your library.
  2053 | D:2      | You pick up a book of the Dragon and begin reading...
  2053 | D:2      | You add the spells Cause Fear, Fireball and Dragon's Call
                  | to your library.
  2101 | D:2      | Learned a level 3 spell: Stone Arrow
  2158 | D:2      | Reached XP level 4. HP: 24/24 MP: 4/8
  2724 | D:3      | Reached skill level 3 in Spellcasting
  2825 | D:3      | Found a hide-covered altar of Uskayaw.
  3354 | D:4      | Noticed a scorpion
  3413 | D:4      | Reached skill level 3 in Conjurations
  3413 | D:4      | Reached XP level 5. HP: 25/28 MP: 5/9
  3418 | D:4      | You pick up a book of Touch and begin reading...
  3418 | D:4      | You add the spells Kiss of Death, Confusing Touch and
                  | Dispel Undead to your library.
  3421 | D:4      | Noticed a centaur
  3432 | D:4      | Killed a centaur
  3433 | D:4      | Reached skill level 5 in Earth Magic
  3528 | D:4      | Reached XP level 6. HP: 32/32 MP: 8/11
  3529 | D:4      | Found a staircase to the Ecumenical Temple.
  3539 | Temple   | Entered the Ecumenical Temple
  3546 | Temple   | Became a worshipper of Ashenzari the Shackled
  3688 | D:4      | Found a sand-covered staircase.
  3697 | Ossuary  | Entered an ossuary
  3770 | Ossuary  | Reached skill level 4 in Spellcasting
  3770 | Ossuary  | Reached skill level 4 in Conjurations
  4512 | Ossuary  | Reached skill level 6 in Earth Magic
  4512 | Ossuary  | Reached XP level 7. HP: 24/36 MP: 5/13
  5023 | D:4      | Reached skill level 5 in Conjurations
  5302 | D:4      | Identified 2 scrolls of acquirement
  5302 | D:4      | magus.rc [v1.9.6]
  5302 | D:4      | Acquired an amulet of magic regeneration
  5309 | D:4      | Acquired the +7 lajatang of Order {silver, rMut}
  5309 | D:4      | Found the +7 lajatang of Order {silver, rMut, staff}
  5889 | D:1      | Bought a +3 leather armour of willpower for 264 gold pieces
  6022 | D:5      | Entered Level 5 of the Dungeon
  6026 | D:5      | Identified the +0 plate armour of the Sea {Dex+3}
  6285 | D:5      | Reached skill level 5 in Spellcasting
  6285 | D:5      | Reached skill level 7 in Earth Magic
  6285 | D:5      | Reached XP level 8. HP: 41/41 MP: 8/15
  6344 | D:5      | Noticed Duvessa
  6354 | D:5      | Killed Duvessa
  6375 | D:5      | Noticed Dowan
  6378 | D:5      | Killed Dowan
  6422 | D:5      | Found Xelish's Book Emporium.
  6475 | D:5      | Reached * piety under Ashenzari
  6486 | D:5      | You pick up a book of Conjurations {@e2} and begin
                  | reading...
  6486 | D:5      | You add the spells Magic Dart and Searing Ray to your
                  | library.
  6490 | D:5      | Learned a level 2 spell: Searing Ray
  6529 | D:5      | Reached skill level 6 in Conjurations
  6779 | D:6      | Noticed a two-headed ogre
  6803 | D:6      | HP: 8/41 [two-headed ogre/+0 giant club (11)]
  6805 | D:6      | Killed a two-headed ogre
  6806 | D:6      | Reached skill level 4 in Stealth
  6806 | D:6      | Reached skill level 6 in Spellcasting
  6806 | D:6      | Reached skill level 8 in Earth Magic
  6806 | D:6      | Reached XP level 9. HP: 33/45 MP: 2/18
  6966 | D:6      | Reached skill level 7 in Conjurations
  7368 | D:6      | Reached ** piety under Ashenzari
  7466 | D:6      | Reached skill level 5 in Stealth
  7466 | D:6      | Reached skill level 9 in Earth Magic
  7508 | D:6      | Found Kytighaa's Weapon Shoppe.
  7620 | D:7      | Learned a level 4 spell: Brom's Barrelling Boulder
  7625 | D:7      | Noticed an unseen horror
  7628 | D:7      | Killed an unseen horror
  7629 | D:7      | Reached skill level 1 in Staves
  7789 | D:7      | Reached skill level 2 in Staves
  7789 | D:7      | Reached skill level 7 in Spellcasting
  7791 | D:7      | Reached skill level 8 in Conjurations
  7829 | D:7      | Reached XP level 10. HP: 42/50 MP: 16/22
  8491 | D:7      | Reached skill level 3 in Staves
  8973 | D:8      | Found a flagged portal.
  8997 | Bailey   | Entered a bailey
  9010 | Bailey   | Reached skill level 1 in Fighting
  9010 | Bailey   | Reached skill level 10 in Earth Magic
  9385 | Bailey   | Noticed an orc knight
  9444 | Bailey   | Killed an orc knight
  9445 | Bailey   | Reached skill level 2 in Fighting
  9512 | Bailey   | Noticed an orc knight
  9524 | Bailey   | Killed an orc knight
  9525 | Bailey   | Reached skill level 4 in Staves
  9539 | Bailey   | Reached skill level 3 in Fighting
  9539 | Bailey   | Reached skill level 9 in Conjurations
  9720 | D:8      | You pick up a book of Frost and begin reading...
  9720 | D:8      | You add the spells Freeze, Frozen Ramparts and Hailstorm to
                  | your library.
 10449 | D:9      | Reached *** piety under Ashenzari
 10453 | D:9      | Reached skill level 8 in Spellcasting
 10513 | D:9      | Identified the +6 hand axe of Valiance {spect, SInv}
 10523 | D:9      | Reached XP level 11. HP: 59/63 MP: 24/24
 10637 | D:9      | Reached skill level 2 in Dodging
 10682 | D:9      | Reached skill level 4 in Fighting
 10688 | D:9      | Reached skill level 5 in Staves
 10804 | D:9      | Reached skill level 11 in Earth Magic
 10804 | D:9      | Identified the +6 lajatang "Donofi" {heavy, rN+}
 10806 | D:9      | Found a bloodstained altar of Trog.
 11045 | D:9      | Found a large runed translucent door.
 11045 | D:9      | Found a large runed translucent door.
 11046 | D:9      | Noticed croobank's ghost (novice DsIE)
 11046 | D:9      | Identified the +5 shortbow of Midnight {speed, rF+ rN+}
 11189 | D:10     | Entered Level 10 of the Dungeon
 11406 | D:10     | You pick up a book of Decay and begin reading...
 11554 | D:10     | Noticed a two-headed ogre
 11569 | D:10     | Found a staircase to the Lair.
 11586 | D:10     | Killed a two-headed ogre
 11892 | D:10     | Noticed a centaur warrior
 11913 | D:10     | Killed a centaur warrior
 11914 | D:10     | Reached skill level 5 in Fighting
 12041 | D:10     | Noticed a two-headed ogre
 12050 | D:10     | Killed a two-headed ogre
 12051 | D:10     | Reached skill level 6 in Staves
 12114 | D:10     | Reached skill level 6 in Fighting
 12369 | Lair:1   | Entered Level 1 of the Lair of Beasts
 12377 | Lair:1   | Reached skill level 7 in Staves
 12391 | Lair:1   | Reached skill level 7 in Fighting
 12522 | Lair:1   | Reached XP level 12. HP: 75/75 MP: 26/26
 12883 | Lair:1   | Reached skill level 8 in Staves
 12907 | Lair:1   | Reached skill level 8 in Fighting
 13048 | Lair:1   | Noticed Gastronok
 13145 | Lair:1   | Noticed Sonja
 13149 | Lair:1   | Killed Sonja
 13394 | Lair:1   | Killed Gastronok
 13706 | Lair:2   | Reached skill level 9 in Fighting
 13897 | Lair:2   | Reached skill level 9 in Staves
 13995 | Lair:2   | Found a staircase to the Snake Pit.
 14004 | Lair:2   | Reached skill level 3 in Dodging
 14287 | Lair:2   | Learned a level 4 spell: Iskenderun's Mystic Blast
 14344 | Lair:2   | Noticed a skyshark
 14394 | Lair:2   | Killed a skyshark
 14748 | Lair:2   | Reached skill level 10 in Fighting
 14748 | Lair:2   | Reached skill level 1 in Translocations
 15111 | Lair:2   | Reached XP level 13. HP: 68/85 MP: 22/27
 15119 | Lair:2   | Reached skill level 2 in Translocations
 15122 | Lair:2   | Reached skill level 10 in Staves
 16085 | Lair:3   | You pick up a book of Spatial Translocations and begin
                  | reading...
 16085 | Lair:3   | You add the spells Blink, Momentum Strike and Lesser
                  | Beckoning to your library.
 16089 | Lair:3   | Learned a level 2 spell: Blink
 16092 | Lair:3   | Learned a level 2 spell: Lesser Beckoning
 16107 | Lair:3   | Reached skill level 11 in Fighting
 16305 | Lair:3   | Found a staircase to the Swamp.
 17380 | Lair:4   | Reached skill level 11 in Staves
 17802 | Lair:4   | Found a runed translucent door.
 17802 | Lair:4   | Identified the +5 trident "Fyuz" {spect, ^Drain rPois Int+5
                  | SInv}
 17807 | Lair:4   | Noticed Zivvaly's ghost (journeyman CoGl)
 17876 | Lair:4   | Reached skill level 12 in Fighting
 18599 | Lair:5   | Entered Level 5 of the Lair of Beasts
 18607 | Lair:5   | Reached skill level 4 in Dodging
 18633 | Lair:5   | Reached **** piety under Ashenzari
 19354 | Lair:5   | Reached skill level 12 in Staves
 19392 | Lair:5   | Found a staircase to the Slime Pits.
 19392 | Lair:5   | Found a viscous altar of Jiyva.
 19580 | Lair:5   | Gained mutation: Your large and strong wings let you fly.
                  | [Gargoyle growth]
 19580 | Lair:5   | Reached XP level 14. HP: 88/96 MP: 22/28
 19584 | Lair:5   | Reached skill level 5 in Dodging
 19762 | Lair:5   | Reached skill level 13 in Fighting
 20305 | Lair:5   | Reached skill level 14 in Fighting
 20815 | Lair:5   | Noticed a dire elephant
 20852 | Lair:5   | Killed a dire elephant
 20881 | Lair:5   | Identified the +1 battleaxe "Ikusuh" {flame, MP+9 Stlth+}
 20911 | Lair:5   | magus.rc [v1.9.6]
 21229 | D:11     | You pick up a book of Displacement and begin reading...
 21229 | D:11     | You add the spells Teleport Other and Maxwell's Portable
                  | Piledriver to your library.
 21310 | D:11     | Reached skill level 15 in Fighting
 21310 | D:11     | Reached skill level 1 in Armour
 21703 | D:11     | Reached skill level 2 in Armour
 21727 | D:11     | Found a runed translucent gate.
 21727 | D:11     | Found a runed translucent gate.
 21727 | D:11     | Found a runed translucent gate.
 21737 | D:11     | Noticed Maxmaps's ghost (journeyman OpMo)
 21739 | D:11     | Identified the +3 leather armour of Gozag's Displeasure
                  | {Will+ rCorr}
 22147 | D:11     | Found a viscous altar of Jiyva.
 22212 | D:12     | Reached skill level 3 in Armour
 22376 | D:12     | Found a staircase to the Orcish Mines.
 22404 | D:12     | Reached skill level 4 in Armour
 22768 | D:12     | Found a frozen archway.
 23240 | D:5      | Bought a book of Burglary for 264 gold pieces
 23240 | D:5      | You pick up a book of Burglary and begin reading...
 23240 | D:5      | You add the spells Ensorcelled Hibernation and Swiftness to
                  | your library.
 23244 | D:5      | Learned a level 3 spell: Swiftness
 23250 | D:5      | Learned a level 5 spell: Fireball
 23501 | D:13     | Noticed Urug
 23521 | D:13     | Killed Urug
 23728 | D:13     | Reached skill level 5 in Armour
 23830 | D:13     | Reached skill level 1 in Fire Magic
 23853 | D:13     | Reached skill level 1 in Evocations
 23954 | D:13     | Reached XP level 15. HP: 99/107 MP: 29/29
 23965 | D:13     | Reached skill level 1 in Air Magic
 24508 | D:13     | Reached skill level 9 in Spellcasting
 24706 | D:13     | Found a gate to the Vaults.
 24722 | D:13     | Reached skill level 6 in Armour
 25289 | D:13     | You add the spells Arcjolt and Maxwell's Capacitive
                  | Coupling to your library.
 25965 | D:14     | Reached skill level 7 in Armour
 26214 | D:14     | You add the spells Gell's Gavotte and Dispersal to your
                  | library.
 26255 | D:14     | Found a shimmering altar of Xom.
 26391 | D:14     | Found Venigroa's Antique Armour Shop.
 26400 | D:14     | Bought a runed cloak for 232 gold pieces
 26576 | D:15     | Entered Level 15 of the Dungeon
 26603 | D:15     | Reached skill level 2 in Fire Magic
 26683 | D:15     | Found Uxyudghyff's Assorted Antiques.
 26964 | D:15     | Bought a bone wand for 88 gold pieces
 27045 | D:15     | Found Binymiuk's Weapon Emporium.
 27051 | D:15     | Found Relegir's Armour Boutique.
 27083 | D:15     | Reached skill level 3 in Fire Magic
 27085 | D:15     | Found a staircase to the Depths.
 27096 | D:15     | Reached skill level 10 in Spellcasting
 27221 | D:15     | Reached skill level 8 in Armour
 27429 | D:14     | magus.rc [v1.9.6]
 27486 | D:15     | Reached skill level 4 in Fire Magic
 28258 | Orc:1    | Entered Level 1 of the Orcish Mines
 28301 | Orc:1    | Reached skill level 11 in Spellcasting
 28352 | Orc:1    | Found a roughly hewn altar of Beogh.
 28762 | Orc:2    | Entered Level 2 of the Orcish Mines
 28829 | Orc:2    | Found Zatsoy's Armour Boutique.
 29333 | Orc:2    | Found a staircase to the Elven Halls.
 29472 | Orc:2    | Reached XP level 16. HP: 83/112 MP: 33/33
 29581 | Orc:2    | Found a radiant altar of Vehumet.
 29582 | Orc:2    | Noticed Erolcha
 29609 | Orc:2    | Killed Erolcha
 29619 | Orc:2    | Found Uqyrph's Antique Weapon Emporium.
 29754 | Orc:2    | Found an ancient bone altar of Kikubaaqudgha.
 29759 | Orc:2    | Reached skill level 12 in Spellcasting
 29935 | Orc:2    | Found Ovaetei's Book Shoppe.
 30073 | Orc:2    | Found a roughly hewn altar of Beogh.
 30073 | Orc:2    | Found Ipif's Antique Weapon Emporium.
 30276 | Orc:2    | Found Kil Huiq's Distillery.
 30601 | D:15     | Bought the +4 skin of Zhor {*Englaciate rC+++ SInv} for 931
                  | gold pieces
 30601 | D:15     | Found the +4 skin of Zhor {*Englaciate rC+++ SInv}
 30768 | Snake:1  | Entered Level 1 of the Snake Pit
 30845 | Snake:1  | Noticed Kirke
 30898 | Snake:1  | Killed Kirke
 30899 | Snake:1  | Reached skill level 5 in Fire Magic
 31437 | Snake:1  | Identified the +9 rapier "Myvoc" {holy, rPois Int+3}
 31453 | Snake:1  | Reached skill level 6 in Fire Magic
 31453 | Snake:1  | HP: 24/112 [naga ritualist/+0 glaive (16)]
 31472 | Snake:1  | HP: 24/112 [shock serpent/bolt of electricity (6)]
 31490 | Snake:1  | HP: 25/112 [naga ritualist/+0 glaive (5)]
 32470 | Snake:1  | Reached skill level 13 in Spellcasting
 32588 | Snake:1  | Found an iron altar of Okawaru.
 33785 | Snake:2  | Reached skill level 2 in Evocations
 33852 | Snake:2  | Reached skill level 1 in Throwing
 33991 | Snake:2  | Identified the +0 scale mail of Inviolability {Will+ Dex+4
                  | Stlth-}
 34155 | Snake:3  | Found an ancient bone altar of Kikubaaqudgha.
 34247 | Snake:3  | Noticed a nagaraja
 34254 | Snake:3  | Noticed a nagaraja
 34259 | Snake:3  | Identified the serpent talisman of Shielding {rF++ Str-4
                  | Dex+3}
 34259 | Snake:3  | Noticed Aizul
 34263 | Snake:3  | Killed a nagaraja
 34263 | Snake:3  | Noticed a nagaraja
 34341 | Snake:3  | Reached skill level 2 in Throwing
 34364 | Snake:3  | Reached skill level 7 in Fire Magic
 34408 | Snake:3  | Reached skill level 3 in Evocations
 34802 | Snake:3  | Killed a nagaraja
 34803 | Snake:3  | Reached skill level 13 in Staves
 34941 | Snake:3  | Reached XP level 17. HP: 112/117 MP: 35/35
 35076 | Snake:3  | Reached skill level 8 in Fire Magic
 35076 | Snake:3  | HP: 25/117 [naga/+0 spear of freezing (16)]
 35631 | Snake:3  | You add the spells Olgreb's Toxic Radiance, Ozocubu's
                  | Refrigeration and Discord to your library.
 35653 | Snake:3  | Killed Aizul
 35981 | Snake:3  | Reached skill level 14 in Staves
 36097 | Snake:3  | magus.rc [v1.9.6]
 36098 | Snake:4  | Entered Level 4 of the Snake Pit
 36151 | Snake:4  | Acquired a +4 vampiric lajatang
 36257 | Snake:4  | Noticed Asterion
 36289 | Snake:4  | Learned a level 5 spell: Irradiate
 36309 | Snake:4  | Found a runed translucent door.
 36309 | Snake:4  | Found a shimmering altar of Xom.
 36309 | Snake:4  | Noticed Goc Tato's ghost (journeyman FeBe)
 36326 | Snake:4  | HP: 21/117 [+2 halberd of chaos (12)]
 36326 | Snake:4  | Slain by Goc Tato's ghost

Vanquished Creatures
  Gastronok (Lair:1)
  Kirke (Snake:1)
  Aizul (Snake:3)
  6 nagarajas (Snake:3)
  A stone giant (D:15)
  A dire elephant (Lair:5)
  3 hydras
  Erolcha (Orc:2)
  A vault guard (D:13)
  A catoblepas (Lair:5)
  5 anacondas
  4 centaur warriors
  A deep troll shaman (Lair:5)
  9 death yaks (Lair:5)
  3 tengu warriors
  5 two-headed ogres
  A boulder beetle (D:14)
  3 naga warriors
  Urug (D:13)
  4 naga sharpshooters
  9 shock serpents
  Sonja (Lair:1)
  7 skeletal warriors (D:15)
  2 skysharks
  A salamander mystic (Snake:3)
  5 naga ritualists
  9 mana vipers
  4 obsidian bats (Orc:2)
  2 wolf spider zombies (D:15)
  6 salamanders (Snake:3)
  2 orc knights (Bailey)
  11 orc sorcerers
  3 deep elf pyromancers
  19 ugly things
  3 manticores
  A guardian serpent (Snake:3)
  A kobold blastminer (Orc:1)
  2 meliai (shapeshifter)
  3 cyclopes
  6 meliai
  34 black mambas
  5 elephants (Lair:5)
  4 centaur zombies (D:15)
  7 slime creatures
  12 naga magi
  A torpor snail (Lair:2)
  10 cane toads
  A gargoyle (D:12)
  2 rime drakes
  3 unseen horrors
  9 komodo dragons
  An efreet (D:13)
  A freezing wraith (Lair:2)
  An ice devil (Lair:2)
  A tengu conjurer (D:13)
  A kobold demonologist (D:10)
  4 trolls
  5 polar bears
  2 tyrant leeches (Lair:3)
  A hornet (D:9)
  13 dream sheep
  12 blink frogs
  2 centaur simulacra (D:14)
  4 shadows
  4 vampires
  3 hogs (Snake:1)
  2 fire bats (Lair:2)
  68 yaks
  4 wyverns
  A steam dragon (D:7)
  3 wraiths
  2 wargs
  5 basilisks
  5 vampire mosquitoes
  An acid dragon (D:11)
  A swamp worm (Lair:3)
  18 nagas
  Duvessa (D:5)
  20 water moccasins
  24 orc warriors
  3 black bears
  A laughing skull (D:13)
  An ice beast (D:6)
  10 ogres
  23 wolves
  4 centaurs
  3 phantoms
  2 kobold brigands (D:7)
  A weeping skull (Ossuary)
  8 bullfrogs
  2 elf zombies (Ossuary)
  A gnoll sergeant (D:8)
  3 scorpions
  13 wights
  Dowan (D:5)
  2 burial acolytes (Ossuary)
  3 troll zombies (D:12)
  4 howler monkeys
  A lava snake (D:13)
  2 bombardier beetles
  4 hounds
  11 orc priests
  A sleepcap (D:5)
  2 iguanas
  41 orc wizards
  A troll simulacrum (Lair:2)
  3 ogre zombies (D:12)
  2 hound zombies (Ossuary)
  2 mummies (Ossuary)
  8 gnolls
  8 adders
  3 white imps
  2 ribbon worms
  3 dart slugs
  94 orcs
  5 ball pythons
  6 endoplasms
  8 giant cockroaches
  7 gnoll zombies
  7 goblins
  7 hobgoblins
  6 jackals
  2 quokkas (D:1)
  3 bats
  3 frilled lizards
  2 gnoll skeletons (D:12)
  19 kobolds
  2 orc skeletons (D:12)
  17 orc zombies
  4 rats
819 creatures vanquished.

Vanquished Creatures (others)
  3 humans (Snake:1)
3 creatures vanquished.

Grand Total: 822 creatures vanquished

Table legend:
 A = Non-vault XP
 B = Vault XP
 C = Vault XP percentage of total XP
 D = Non-vault monster count
 E = Vault monster count
 F = Vault count percentage of total count
                 A         B        C        D         E       F
            +---------+---------+-------+---------+---------+-------
      Total |  140500 |   59462 |  29.7 |     612 |     207 |  25.3
            +---------+---------+-------+---------+---------+-------
        D:1 |      37 |       4 |   9.8 |      20 |       2 |   9.1
        D:2 |      57 |       0 |   0.0 |      19 |       0 |   0.0
        D:3 |      48 |       0 |   0.0 |      15 |       0 |   0.0
        D:4 |     317 |       0 |   0.0 |      15 |       0 |   0.0
        D:5 |     481 |     220 |  31.4 |      22 |       2 |   8.3
        D:6 |    1814 |       0 |   0.0 |      37 |       0 |   0.0
        D:7 |    1614 |       0 |   0.0 |      31 |       0 |   0.0
        D:8 |    1069 |       7 |   0.7 |      24 |       4 |  14.3
        D:9 |    1937 |     375 |  16.2 |      14 |       3 |  17.6
       D:10 |    5936 |       0 |   0.0 |      30 |       0 |   0.0
       D:11 |    3888 |       0 |   0.0 |       9 |       0 |   0.0
       D:12 |    7088 |     881 |  11.1 |      22 |      28 |  56.0
       D:13 |    9619 |    2174 |  18.4 |      27 |       4 |  12.9
       D:14 |    8134 |       0 |   0.0 |      16 |       0 |   0.0
       D:15 |   10749 |    8266 |  43.5 |      18 |      15 |  45.5
     Lair:1 |    3717 |    2332 |  38.6 |      15 |       2 |  11.8
     Lair:2 |    6779 |    4314 |  38.9 |      25 |      19 |  43.2
     Lair:3 |    6096 |     725 |  10.6 |      30 |       3 |   9.1
     Lair:4 |    6241 |       0 |   0.0 |      27 |       0 |   0.0
     Lair:5 |   13952 |   10136 |  42.1 |      45 |      20 |  30.8
    Snake:1 |   15337 |    2042 |  11.7 |      29 |       4 |  12.1
    Snake:2 |    8850 |    1160 |  11.6 |      17 |       2 |  10.5
    Snake:3 |   19605 |   15512 |  44.2 |      40 |      18 |  31.0
    Snake:4 |    1373 |       0 |   0.0 |       3 |       0 |   0.0
      Orc:1 |    2992 |       0 |   0.0 |      27 |       0 |   0.0
      Orc:2 |    2770 |    8347 |  75.1 |      35 |      36 |  50.7
    Ossuary |       0 |     510 | 100.0 |       0 |      19 | 100.0
     Bailey |       0 |    2457 | 100.0 |       0 |      26 | 100.0
            +---------+---------+-------+---------+---------+-------

Skill      XL: |  1  2  3  4  5  6  7  8  9 10 11 12 13 14 15 16 17 |
---------------+----------------------------------------------------+-----
Earth Magic    | 4 5 6 7 8 9 10 11 | 11.3
Conjurations   | 2 3 4 5 6 8 9 |  9.8
Spellcasting   | 3 4 5 6 7 8 11 13 | 13.1
Stealth        | 4 5 |  5.0
Staves         | 2 4 7 9 12 13 14 | 14.0
Fighting       | 3 7 10 12 15 | 15.6
Dodging        | 2 3 4 5 |  5.3
Translocations | 1 2 |  2.7
Armour         | 5 8 |  8.8
Fire Magic     | 1 4 7 8 |  8.4
Evocations     | 1 3 |  3.6
Air Magic      | 1 |  1.7
Throwing       | 2 |  2.0
Alchemy        | |  0.3

Action                     |  1- 3 |  4- 6 |  7- 9 | 10-12 | 13-15 | 16-18 || total
---------------------------+-------+-------+-------+-------+-------+-------++-------
  Melee: Whip              |    23 |    13 |       |       |       |       ||    36
         Dagger            |     3 |       |       |       |       |       ||     3
         Lajatang          |       |       |    52 |   318 |   902 |   462 ||  1734
  Throw: Dart              |       |       |       |    11 |     1 |       ||    12
   Cast: Sandblast         |    40 |    78 |    94 |    89 |    31 |     1 ||   333
         Stone Arrow       |       |       |    39 |   112 |   154 |    76 ||   381
         Searing Ray       |       |       |       |     3 |     4 |       ||     7
         Iskenderun's Myst |       |       |       |       |    23 |    17 ||    40
         Brom's Barrelling |       |       |       |       |    21 |       ||    21
         Blink             |       |       |       |       |     4 |     5 ||     9
         Lesser Beckoning  |       |       |       |       |     1 |       ||     1
         Swiftness         |       |       |       |       |     2 |       ||     2
         Fireball          |       |       |       |       |     1 |    28 ||    29
 Invoke: Curse Item        |       |       |     3 |     2 |     3 |     1 ||     9
         Shatter the Chain |       |       |       |       |     1 |     1 ||     2
  Evoke: Wand              |       |       |       |       |     3 |     7 ||    10
    Use: Scroll            |       |    12 |     5 |     4 |     5 |    10 ||    36
         Potion            |       |       |     2 |     2 |     3 |     6 ||    13
   Stab: Sleeping          |     2 |       |       |     6 |    14 |     3 ||    25
         Distracted        |       |       |       |       |     2 |       ||     2
         Confused          |       |       |       |       |     1 |       ||     1
 Armour: Robe              |    32 |    55 |    16 |       |       |       ||   103
         Leather armour    |       |       |    60 |   348 |   811 |    54 ||  1273
         Animal skin       |       |       |       |       |       |   484 ||   484
  Dodge: Dodged            |    39 |    46 |    65 |   235 |   477 |   293 ||  1155

Illustrated notes

Table legend:
 A = Kills in this place as a percentage of kills in the entire game.
 B = Kills by you in this place as a percentage of kills by you in the entire game.
 C = Kills by friends in this place as a percentage of kills by friends in the entire game.
 D = Other kills in this place as a percentage of other kills in the entire game.
 E = Experience gained in this place as a percentage of experience gained in the entire game.
 F = Experience gained in this place divided by the number of levels of this place that you have seen.
                   A       B       C       D       E      F
               +-------+-------+-------+-------+-------+----------------------
         Total | 100.0 | 100.0 |   N/A |   N/A | 100.0 | 6895.2
       Dungeon |  46.0 |  46.0 |   N/A |   N/A |  32.4 | 4314.3
          Lair |  22.7 |  22.7 |   N/A |   N/A |  27.2 | 10858.4
     Snake Pit |  13.8 |  13.8 |   N/A |   N/A |  31.9 | 15969.8
  Orcish Mines |  12.0 |  12.0 |   N/A |   N/A |   7.1 | 7054.5
       Ossuary |   2.3 |   2.3 |   N/A |   N/A |   0.3 | 510.0
        Bailey |   3.2 |   3.2 |   N/A |   N/A |   1.2 | 2457.0
               +-------+-------+-------+-------+-------+----------------------

Table legend: (Time is in decaauts)
 A = Elapsed time spent in this place.
 B = Non-inter-level travel time spent in this place.
 C = Inter-level travel time spent in this place.
 D = Time resting spent in this place.
 E = Time spent auto-exploring this place.
 F = Levels seen in this place.
 G = Mean time per level.
                   A        B        C        D        E       F      G
               +--------+--------+--------+--------+--------+-----+--------+
         Total |  36263 |  34536 |   1727 |   9483 |  17711 |  29 | 1250.4 |
       Dungeon |  17750 |  16477 |   1273 |   3138 |   9901 |  15 | 1183.3 |
        Temple |     14 |     14 |      0 |      0 |      0 |   1 |   14.0 |
          Lair |   8870 |   8642 |    228 |   2701 |   4094 |   5 | 1774.0 |
     Snake Pit |   5470 |   5352 |    118 |   1913 |   2476 |   4 | 1367.5 |
  Orcish Mines |   2211 |   2104 |    107 |    492 |   1141 |   2 | 1105.5 |
       Ossuary |   1276 |   1276 |      0 |    869 |     99 |   1 | 1276.0 |
        Bailey |    670 |    670 |      0 |    370 |      0 |   1 |  670.0 |
               +--------+--------+--------+--------+--------+-----+--------+

Top non-repeatable levels by time:
  Lair:5: 2250 daAuts
 Snake:1: 2101 daAuts
    D:13: 2024 daAuts
  Lair:3: 1990 daAuts
 Snake:3: 1968 daAuts
  Lair:2: 1953 daAuts
     D:1: 1610 daAuts
    D:15: 1495 daAuts
   Orc:2: 1489 daAuts
  Lair:4: 1365 daAuts
    D:12: 1325 daAuts
  Lair:1: 1310 daAuts
 Ossuary: 1276 daAuts
    D:10: 1262 daAuts
     D:7: 1262 daAuts
